 Dungeon Crawl Stone Soup version 0.32-a0-975-g85d4e5bfdb (webtiles) character file.

Game seed: 152185434751261529

861 GloriousHammer the Firebug (level 7, -5/50 HPs)
             Began as a Mountain Dwarf Fire Elementalist on Apr 12, 2024.
             Was an Initiate of Sif Muna.
             Slain by Pikel
             ... wielding a +2 whip of freezing
              (6 damage)
             ... on level 5 of the Dungeon on Apr 18, 2024.
             The game lasted 00:17:11 (6397 turns).

GloriousHammer the Firebug (MDFE)                   Turns: 6397, Time: 00:17:11

Health: -5/50      AC:  6    Str: 10    XL:     7   Next: 71%
Magic:  1/12       EV:  9    Int: 18    God:    Sif Muna [......]
Gold:   304        SH:  0    Dex: 10    Spells: 4/13 levels left

rFire   + + .        b - staff of fire
rCold   . . .        (no shield)
rNeg    . . .        w - +1 ring mail {rF+}
rPois   .            (no helmet)
rElec   .            g - scarf {repulsion}
rCorr   .            (no gloves)
SInv    .            (no boots)
Will    .....        (no amulet)
Stlth   +            (no ring)
HPRegen 0.28/turn    (no ring)
MPRegen 0.13/turn

%: repel missiles
@: no status effects
A: runic magic, artefact enchanting
a: Renounce Religion


You were on level 5 of the Dungeon.
You worshipped Sif Muna.
Sif Muna was noncommittal.
You visited 2 branches of the dungeon, and saw 7 of its levels.

You collected 304 gold pieces.

Inventory:

Hand Weapons
 a - a +2 whip of electrocution
 d - a +0 sling
 q - a +0 long sword
Missiles
 l - 4 curare-tipped darts
Armour
 g - a scarf of repulsion (worn)
 t - a +0 plate armour
 w - a +1 ring mail of fire resistance (worn)
Magical Staves
 b - a staff of fire (weapon)
Jewellery
 f - a +6 ring of intelligence
Wands
 r - a wand of digging (1)
 v - a wand of flame (16)
Scrolls
 e - a scroll of fog
 h - a scroll of revelation
 n - a scroll of fear {unknown}
 o - 2 scrolls of brand weapon {unknown}
 p - 2 scrolls of poison
 u - a scroll of enchant weapon {unknown}
 I - 3 scrolls of identify
Potions
 c - a potion of berserk rage {unknown}
 i - a potion of might {unknown}
 s - a potion of mutation {unknown}


   Skills:
 + Level 3.6 Armour
 - Level 1.3 Dodging
 - Level 1.4 Stealth
 + Level 3.7 Spellcasting
 + Level 3.5 Conjurations
 + Level 2.9 Hexes
 + Level 1.7 Translocations
 + Level 5.9 Fire Magic


You had 4 spell levels left.
You knew the following spells:

 Your Spells              Type           Power      Damage    Failure   Level
a - Foxfire               Conj/Fire      100%       2x1d9     2%          1
b - Scorch                Fire           74%        2d8       2%          2
c - Inner Flame           Hex/Fire       29%        N/A       9%          3
d - Volatile Blastmotes   Fire/Tloc      50%        2d14      12%         3

Your spell library contained the following spells:

 Spells                   Type           Power      Damage    Failure   Level
 Flame Wave               Conj/Fire      30%        2d9       26%         4
 Iskenderun's Mystic Bla Conj/Tloc 12%            2d5        (+2d2     54%         4
 Fulminant Prism          Conj/Alch      4%         3d5       65%         4
 Animate Armour           Summ/Erth      6%         N/A       88%         4
 Summon Lightning Spire   Summ/Air       3%         N/A       88%         4
 Irradiate                Conj/Alch      4%         3d13      94%         5
 Lee's Rapid Deconstruct  Erth           1%         3d4*      99%         5
 Ignition                 Fire           18%        3d7       100%        8


Dungeon Overview and Level Annotations

Branches:
Dungeon (6/15)             Temple (1/1) D:6

Altars:
Ashenzari
Gozag
Kikubaaqudgha
Makhleb
Nemelex Xobeh
Okawaru
Ru
Sif Muna
Trog
Uskayaw
Wu Jian
Xom
Zin
The Shining One

Shops:
D:4 *

Annotations:
D:4 2 transporters, MadMike78's ghost, amateur GnSh
D:5 3 runed translucent doors, Pikel; zazu2006's ghost, amateur GnWn
D:6 Jeremiah


Innate Abilities, Weirdness & Mutations

Your spellcasting is much less encumbered by armour.
You can use scrolls of enchantment on lesser artefacts.


Message History

Casting: Scorch (safe; 2% risk of failure)
Confirm with . or Enter, or press ? or * to list all spells.
You don't have enough magic to cast this spell.
You hit the lemure.
The lemure is severely wounded.
The lemure hits you. x2
You hit the lemure.
The lemure is almost dead.
The lemure barely misses you.
You hit the lemure.
The lemure is almost dead.
The lemure hits you but does no damage.
You hit the lemure.
The lemure is almost dead.
The lemure barely misses you.
You hit the lemure.
You kill the lemure!
That felt strangely unrewarding.
Aiming: Throw Flame
Press: ? - help, Shift-Dir - straight line, f - Pikel
Aim: Pikel, wielding a +2 whip of freezing and wearing a +0 robe (severely wounded, more vulnerable to fire, 60% to hit)
The puff of flame hits Pikel.
Pikel is burned terribly!
Pikel is severely wounded.
Pikel hits you with a +2 whip of freezing.
Pikel freezes you.
Aiming: Throw Flame
Press: ? - help, Shift-Dir - straight line, f/p - Pikel
Aim: Pikel, wielding a +2 whip of freezing and wearing a +0 robe (severely wounded, more vulnerable to fire, 60% to hit)
The puff of flame misses Pikel.
Pikel hits you with a +2 whip of freezing.
Pikel freezes you.
Aiming: Throw Flame
Press: ? - help, Shift-Dir - straight line, f/p - Pikel
Aim: Pikel, wielding a +2 whip of freezing and wearing a +0 robe (severely wounded, more vulnerable to fire, 60% to hit)
The puff of flame misses Pikel.
Pikel is no longer more vulnerable to fire.
Pikel hits you with a +2 whip of freezing.
Pikel freezes you.
Aiming: Throw Flame
Press: ? - help, Shift-Dir - straight line, f/p - Pikel
Aim: Pikel, wielding a +2 whip of freezing and wearing a +0 robe (severely wounded, 60% to hit)
The puff of flame misses Pikel.
Pikel closely misses you.
Aiming: Throw Flame
Press: ? - help, Shift-Dir - straight line, f/p - Pikel
Aim: Pikel, wielding a +2 whip of freezing and wearing a +0 robe (severely wounded, 60% to hit)
The puff of flame hits Pikel.
Pikel is almost dead.
Pikel hits you with a +2 whip of freezing.
Pikel freezes you.
Aiming: Throw Flame
Press: ? - help, Shift-Dir - straight line, f/p - Pikel
Aim: Pikel, wielding a +2 whip of freezing and wearing a +0 robe (almost dead, 60% to hit)
The puff of flame hits Pikel.
Pikel is almost dead.
Pikel closely misses you.
Aiming: Throw Flame
Press: ? - help, Shift-Dir - straight line, f/p - Pikel
Aim: Pikel, wielding a +2 whip of freezing and wearing a +0 robe (almost dead, 60% to hit)
The puff of flame hits Pikel.
Pikel is almost dead.
Pikel hits you with a +2 whip of freezing.
Pikel freezes you.
Unknown command.
Aiming: Throw Flame
Press: ? - help, Shift-Dir - straight line, f/p - Pikel
Aim: Pikel, wielding a +2 whip of freezing and wearing a +0 robe (almost dead, 60% to hit)
Okay, then.
Casting: Scorch (safe; 2% risk of failure)
Confirm with . or Enter, or press ? or * to list all spells.
You feel a surge of power!
Flames lash Pikel but do no damage.
Pikel misses you.
Aiming: Throw Flame
Press: ? - help, Shift-Dir - straight line, f/p - Pikel
Aim: Pikel, wielding a +2 whip of freezing and wearing a +0 robe (almost dead, 60% to hit)
The puff of flame hits Pikel.
Pikel is almost dead.
Pikel hits you with a +2 whip of freezing.
* * * LOW HITPOINT WARNING * * *
Pikel freezes you.
* * * LOW HITPOINT WARNING * * *
Hit: b) staff of fire
Press: ? - help, Dir - move target, f/p - Pikel
Aim: Pikel, wielding a +2 whip of freezing and wearing a +0 robe (almost dead, about 49% to evade your staff of fire)
Okay, then.
Aiming: Throw Flame
Press: ? - help, Shift-Dir - straight line, f/p - Pikel
Aim: Pikel, wielding a +2 whip of freezing and wearing a +0 robe (almost dead, 60% to hit)
The puff of flame misses Pikel.
Pikel hits you with a +2 whip of freezing!
* * * LOW HITPOINT WARNING * * *
Pikel freezes you.
* * * LOW HITPOINT WARNING * * *
Aiming: Throw Flame
Press: ? - help, Shift-Dir - straight line, f/p - Pikel
Aim: Pikel, wielding a +2 whip of freezing and wearing a +0 robe (almost dead, 60% to hit)
The puff of flame hits Pikel but does no damage.
Pikel is almost dead.
Pikel hits you with a +2 whip of freezing.
You die...
Pikel says, "Another soul for the market."

#..# #.......###+++##
#..##########.##.....#
#.............##......
##.###############.##.
#.# #.#.. ###.# #######
#..#. #...# #.....# #.#..
#.######.....######....
#.##..@K............#.#
#.##)###.....#####..#.#
#.##.# #.....# #..#.#
#.##.# ####### #..#.#
#.##.# #..#.# ###.##.#
###########..#.#
#......###...............
#.###...##.#########..#.#
#.###.#....#######....#.#


You could see Pikel.

Vanquished Creatures
  A black bear (D:5)
  An ice beast (D:6)
  4 lemures
  2 phantoms
  A bullfrog (D:6)
  A scorpion (D:5)
  A gnoll bouda (D:4)
  A hound (D:4)
  3 orc priests
  A sleepcap (D:5)
  2 iguanas (D:5)
  An orc wizard (D:5)
  3 gnolls (D:4)
  2 adders
  A ribbon worm (D:2)
  4 dart slugs
  15 orcs
  5 endoplasms
  2 giant cockroaches
  6 goblins
  4 hobgoblins
  4 jackals (D:4)
  11 ball pythons
  7 bats
  5 frilled lizards
  9 kobolds
  6 rats
103 creatures vanquished.

Vanquished Creatures (others)
  112 foxfires
112 creatures vanquished.

Grand Total: 215 creatures vanquished

Notes
Turn   | Place    | Note
-------+----------+-------------------------------------------
     0 | D:1      | GloriousHammer the Mountain Dwarf Fire Elementalist began
                  | the quest for the Orb.
     0 | D:1      | Reached XP level 1. HP: 14/14 MP: 3/3
    53 | D:1      | Reached skill level 1 in Conjurations
   333 | D:1      | Reached XP level 2. HP: 20/20 MP: 0/5
   392 | D:1      | Learned a level 2 spell: Scorch
   645 | D:1      | Reached skill level 4 in Fire Magic
  1496 | D:2      | Reached XP level 3. HP: 26/26 MP: 2/6
  1583 | D:2      | Found a sparkling altar of Nemelex Xobeh.
  2524 | D:3      | Reached skill level 1 in Armour
  2528 | D:3      | Learned a level 3 spell: Inner Flame
  2630 | D:3      | Reached XP level 4. HP: 33/33 MP: 4/7
  2698 | D:3      | Found a faded altar of an unknown god.
  3379 | D:4      | Found Nuqiel's Lightly-Used Armoury.
  3385 | D:4      | Reached skill level 1 in Hexes
  3385 | D:4      | Reached XP level 5. HP: 38/38 MP: 4/9
  3571 | D:4      | Found a transporter.
  3757 | D:4      | Noticed a water moccasin
  3759 | D:4      | Noticed MadMike78's ghost (amateur GnSh)
  3845 | D:4      | You fall into a shaft and drop 2 floors!
  3850 | D:6      | Noticed a phantom
  3861 | D:6      | Killed a phantom
  3862 | D:6      | Reached skill level 5 in Fire Magic
  3862 | D:6      | Reached XP level 6. HP: 39/45 MP: 2/10
  4032 | D:6      | Learned a level 3 spell: Volatile Blastmotes
  4033 | D:5      | Entered Level 5 of the Dungeon
  4205 | D:5      | Found a runed translucent gate.
  4205 | D:5      | Found a runed translucent gate.
  4207 | D:5      | Noticed zazu2006's ghost (amateur GnWn)
  4208 | D:5      | Found a runed translucent gate.
  4503 | D:6      | Found a staircase to the Ecumenical Temple.
  4514 | Temple   | Entered the Ecumenical Temple
  4581 | Temple   | Became a worshipper of Sif Muna the Loreminder
  4610 | D:6      | Noticed an ice beast
  4618 | D:6      | Killed an ice beast
  4780 | D:6      | Reached skill level 1 in Translocations
  4780 | D:6      | Reached XP level 7. HP: 50/50 MP: 7/12
  4803 | D:6      | Noticed Jeremiah
  5203 | D:4      | Found a transporter.
  5209 | D:4      | Upgraded the game from 0.32-a0-928-g1cae6b7ea0 to
                  | 0.32-a0-975-g85d4e5bfdb
  6363 | D:5      | Noticed Pikel
  6396 | D:5      | HP: 1/50 [Pikel/+2 whip of freezing (4)]
  6397 | D:5      | Slain by Pikel

Illustrated notes

Levels and vault maps discovered:
D:1:      saegor_arrival_under_anarchy, layout_basic, minmay_misc_feat_room,
          minmay_gold_behind_fungi
D:2:      layout_rooms, basic_altar
D:3:      layout_loops_cross, shapermc_ecumenical_altar_gd
D:4:      layout_rooms, gammafunk_ghost_arena, minmay_shop_damaged
D:5:      layout_loops_ring, gammafunk_ghost_necromancy, uniq_pikel
D:6:      layout_basic, nicolae_overflow_hallway_of_the_gods,
          minmay_temple_entry_mist, uniq_jeremiah
Temple:   dpeg_chambers_temple

Skill      XL: |  1  2  3  4  5  6 |
---------------+-------------------+-----
Conjurations   | 1 2 3 |  3.5
Spellcasting   | 2 3 |  3.7
Fire Magic     | 4 5 |  5.9
Armour         | 1 2 3 |  3.6
Hexes          | 1 2 |  2.9
Translocations | 1 |  1.7
Dodging        | |  1.3
Stealth        | |  1.4

Action                     |  1- 3 |  4- 6 |  7- 9 || total
---------------------------+-------+-------+-------++-------
  Melee: Dagger            |     3 |     1 |       ||     4
         Whip              |       |    12 |     8 ||    20
         Staff             |       |       |    12 ||    12
   Fire: Sling             |    71 |    32 |       ||   103
   Cast: Foxfire           |    19 |    22 |    24 ||    65
         Scorch            |    21 |    29 |    34 ||    84
         Volatile Blastmot |       |     1 |     1 ||     2
  Evoke: Wand              |       |       |    10 ||    10
    Use: Potion            |       |     1 |     3 ||     4
         Scroll            |       |       |     5 ||     5
 Armour: Robe              |     5 |       |       ||     5
         Leather armour    |     4 |    19 |       ||    23
         Ring mail         |       |       |    52 ||    52
  Dodge: Dodged            |    17 |    15 |    25 ||    57
         Repelled          |       |     3 |     1 ||     4

Table legend: (Time is in decaauts)
 A = Elapsed time spent in this place.
 B = Non-inter-level travel time spent in this place.
 C = Inter-level travel time spent in this place.
 D = Time resting spent in this place.
 E = Time spent auto-exploring this place.
 F = Levels seen in this place.
 G = Mean time per level.
                   A        B        C        D        E       F      G
               +--------+--------+--------+--------+--------+-----+--------+
         Total |   6447 |   6134 |    313 |    856 |   4097 |   7 |  921.0 |
       Dungeon |   6352 |   6055 |    297 |    856 |   4097 |   6 | 1058.7 |
        Temple |     94 |     78 |     16 |      0 |      0 |   1 |   94.0 |
               +--------+--------+--------+--------+--------+-----+--------+

Top non-repeatable levels by time:
     D:1: 1498 daAuts
     D:5: 1224 daAuts
     D:3: 1062 daAuts
     D:4: 1061 daAuts
     D:2: 842 daAuts
     D:6: 663 daAuts
  Temple: 94 daAuts
